 Dungeon Crawl Stone Soup version 0.30-a0-937-ga0a21ad780 (webtiles) character file.

Game seed: 15224379472715559162

15355 oldriver the Thaumaturge (level 12, -12/106 HPs)
             Began as a Red Draconian Ice Elementalist on Mar 25, 2023.
             Was an Initiate of Gozag.
             Mangled by a komodo dragon (21 damage)
             ... on level 1 of the Lair of Beasts.
             The game lasted 00:29:47 (14646 turns).

oldriver the Thaumaturge (DrIE)                    Turns: 14646, Time: 00:29:48

Health: -12/106    AC: 28    Str: 11    XL:     12   Next: 0%
Magic:  14/26      EV: 14    Int: 21    God:    Gozag
Gold:   1908       SH:  0    Dex: 11    Spells: 17/32 levels left

rFire   + . .      SeeInvis .    o - staff of cold "Zotob" {rElec rC+}
rCold   + . .      Faith    .    (no shield)
rNeg    . . .      Spirit   .    (body armour unavailable)
rPois   +          Reflect  .    D - +0 hat
rElec   +          Rampage  .    A - +2 cloak
rCorr   .                        p - +0 pair of gloves
Will    .....                    b - +2 pair of boots
Stlth   ++                       G - amulet of magic regeneration
HPRegen 0.37/turn                i - ring of poison resistance
MPRegen 0.60/turn                s - +4 ring of protection

@: ice-armoured, freezing walls
A: breathe fire, AC +8, unfitting armour, fire resistance 1, cold-blooded
a: Breathe Fire, Renounce Religion, Potion Petition, Call Merchant, Bribe Branch


You were on level 1 of the Lair of Beasts.
You worshipped Gozag.
Gozag was most pleased with you.
You visited 3 branches of the dungeon, and saw 12 of its levels.

You collected 1995 gold pieces.
You paid 87 gold pieces to Gozag.

Inventory:

Hand Weapons
 m - a +0 dagger of venom
 t - a +0 sling
Missiles
 u - 3 boomerangs of dispersal
 C - 6 throwing nets
Armour
 b - a +2 pair of boots (worn)
 p - a +0 pair of gloves (worn)
 A - a +2 cloak (worn)
 D - a +0 hat (worn)
Magical Staves
 j - a staff of death
 o - the staff of cold "Zotob" (weapon) {rElec rC+}
   (You acquired it on level 3 of the Dungeon)

   [staff of cold]

   Base accuracy: +5 Base damage: 5 Base attack delay: 1.2 This weapon's minimum
   attack delay (0.6) is reached at skill level 12.
   rC:        It protects you from cold.
   rElec:     It insulates you from electricity.
   It falls into the 'Staves' category.
   It is a one-handed weapon.
Jewellery
 g - a ring of wizardry
 i - a ring of poison resistance (left hand)
 r - a ring of willpower
 s - a +4 ring of protection (right hand)
 y - an amulet of the acrobat
 G - an amulet of magic regeneration (around neck)
Wands
 d - a wand of mindburst (5)
 w - a wand of acid (3)
 H - a wand of roots (5)
Scrolls
 f - a scroll of fog
 v - 2 scrolls of magic mapping
 x - a scroll of teleportation
 z - a scroll of silence
 B - 2 scrolls of enchant weapon
 F - a scroll of identify
Potions
 a - a potion of magic
 c - a potion of brilliance
 e - 2 potions of curing
 h - 7 potions of might
 k - 2 potions of lignification
 l - a potion of haste
 n - 7 potions of mutation
 q - a potion of resistance
Miscellaneous
 E - a lightning rod (2/4)


   Skills:
 - Level 10.0 Fighting
 - Level 6.0 Dodging
 - Level 4.0 Stealth
 + Level 10.5 Spellcasting
 - Level 8.0 Summonings
 - Level 6.0 Ice Magic
 + Level 3.3 Air Magic
 - Level 4.0 Evocations


You had 17 spell levels left.
You knew the following spells:

 Your Spells              Type           Power      Damage    Failure   Level
a - Freeze                Ice            100%       1d10      1%          1
b - Frozen Ramparts       Ice            100%       1d16      1%          3
c - Ozocubu's Armour      Ice            53%        N/A       1%          3
d - Summon Ice Beast      Ice/Summ       57%        N/A       3%          4
e - Airstrike             Air            12%        2d(2-18)  16%         4

Your spell library contained the following spells:

 Spells                   Type           Power      Damage    Failure   Level
 Ensorcelled Hibernation  Hex/Ice        70%        N/A       2%          2
 Shock                    Conj/Air       72%        1d7       3%          1
 Swiftness                Air            25%        N/A       4%          3
 Necrotise                Necr           44%        1d6       6%          1
 Slow                     Hex            44%        N/A       6%          1
 Passwall                 Tmut/Erth      9%         N/A       10%         2
 Confusing Touch          Hex            11%        N/A       19%         3
 Vampiric Draining        Necr           11%        2d6       19%         3
 Metabolic Englaciation   Hex/Ice        17%        N/A       45%         5
 Agony                    Necr           11%        N/A       86%         5
 Malign Gateway           Summ/Tloc      13%        N/A       100%        7
 Summon Horrible Things   Summ           22%        N/A       100%        8
 Simulacrum               Ice/Necr       Unusable   N/A       N/A         6

Dungeon Overview and Level Annotations

Branches:
Dungeon (10/15)            Temple (1/1) D:5            Lair (1/5) D:10
    Orc: D:9-12

Altars:
Ashenzari
Cheibriados
Dithmenos
Elyvilon
Fedhas
Gozag
Hepliaklqana
Kikubaaqudgha
Makhleb
Nemelex Xobeh
Okawaru
Qazlal
Ru
Sif Muna
Trog
Uskayaw
Vehumet
Wu Jian
Xom
Yredelemnul
Zin
The Shining One

Annotations:
D:4 3 runed translucent doors, diodin's ghost, amateur NaEn


Innate Abilities, Weirdness & Mutations

You can breathe blasts of fire.
Your fiery red scales are hard. (AC +8)
You cannot fit into any form of body armour.
Your flesh is heat resistant. (rF+)
You are cold-blooded and may be slowed by cold attacks.


Message History

Confirm with . or Enter, or press ? or * to list all spells.
Okay, then.
The komodo dragon attacks as you move away!
The komodo dragon misses you. The komodo dragon bites you!
The komodo dragon attacks as you move away!
The komodo dragon closely misses you.
The komodo dragon attacks as you move away!
The komodo dragon closely misses you.
The komodo dragon attacks as you move away!
The komodo dragon bites you!
Casting: Summon Ice Beast (dangerous; 3% risk of failure)
Confirm with . or Enter, or press ? or * to list all spells.
You feel a surge of power! A chill wind blows around you.
The komodo dragon bites you!
Casting: Summon Ice Beast (dangerous; 3% risk of failure)
Confirm with . or Enter, or press ? or * to list all spells.
Casting: Frozen Ramparts (safe; 1% risk of failure)
Press: ? - help, Dir - look around, f - activate You feel a surge of power!
The walls around you are covered in ice.
The wall freezes the komodo dragon.
The komodo dragon seems to slow down.
The komodo dragon hisses menacingly.
The komodo dragon bites you!! The komodo dragon closely misses you.
Casting: Frozen Ramparts (safe; 1% risk of failure)
Confirm with . or Enter, or press ? or * to list all spells.
You feel a surge of power! A chill wind blows around you.
Your ice beast disappears in a puff of smoke!
The wall freezes the komodo dragon.
The komodo dragon seems to slow down.
The komodo dragon misses you. The komodo dragon bites you!
* * * LOW HITPOINT WARNING * * *
Casting: Summon Ice Beast (dangerous; 3% risk of failure)
Confirm with . or Enter, or press ? or * to list all spells.
You feel a surge of power! A film of ice covers your body!
The komodo dragon bites you!
* * * LOW HITPOINT WARNING * * *
The wall freezes the komodo dragon.
The komodo dragon seems to slow down.
The komodo dragon bites you!!
You die...
Your body crumbles into a pile of gold.

###..~~~♣.......## #
##.♣~~~...#...# #
#.P~~....##### #
##..~♣......## #
#.#..........# #####
##...........# #.##.
.#####...........####....
..........l.......#.......
....(....@l...............
....PP...##...............
...PP~..Y.................
..~♣~.♣~..................
.P~~.~.~P.................
...~~≈~.?.................
.~.≈~P~..........).......
♣~~≈≈~P................#.
~~~~.~P..............###


You could see 2 komodo dragons and a friendly ice beast (summoned).

Vanquished Creatures
  Harold (Lair:1)
  Erica (D:8)
  A centaur warrior (D:9)
  A two-headed ogre (D:10)
  A wolf spider (D:9)
  A black mamba (Lair:1)
  2 cane toads (Lair:1)
  A komodo dragon (Lair:1)
  A rime drake (D:10)
  An unseen horror (D:10)
  3 trolls
  A blink frog (Lair:1)
  Sigmund (D:6)
  3 vampires
  A wraith (D:9)
  3 wyverns
  3 steam dragons
  8 yaks
  3 vampire mosquitoes (D:10)
  An acid dragon (D:10)
  Edmund (D:6)
  3 water moccasins
  3 orc warriors
  2 sky beasts
  2 black bears
  3 ogres
  2 ice beasts
  4 wolves
  3 centaurs
  2 phantoms (D:5)
  3 nameless horrors
  4 bullfrogs
  A gnoll sergeant (D:9)
  4 scorpions
  8 wights
  4 killer bees
  2 jellies (D:6)
  A gnoll bouda (D:9)
  3 hounds (D:5)
  3 orc priests
  3 iguanas
  A sleepcap (D:7)
  14 orc wizards
  8 gnolls
  4 adders
  2 shadow imps
  A white imp (D:5)
  An ufetubus (D:5)
  2 worms (D:2)
  6 dart slugs
  36 orcs
  6 bats
  2 endoplasms (D:3)
  3 giant cockroaches
  8 hobgoblins
  18 jackals
  3 quokkas
  7 ball pythons
  3 frilled lizards
  5 goblins
  7 kobolds
  A kobold zombie (D:8)
  25 rats
262 creatures vanquished.

Vanquished Creatures (collateral kills)
  A rime drake (Lair:1)
  A troll (D:9)
  2 blink frogs (Lair:1)
  2 yaks (D:10)
  A vampire mosquito (D:10)
  A water moccasin (D:9)
  5 ice beasts
  3 wolves (Lair:1)
  A kobold brigand (D:8)
  A bullfrog (D:9)
  4 wights
  A howler monkey (D:7)
  An electric eel (D:9)
  An orc priest (D:10)
  A mummy (D:8)
  A gnoll (D:9)
  A white imp (D:7)
  2 kobold zombies (D:8)
  An orc zombie (D:8)
31 creatures vanquished.

Vanquished Creatures (others)
  8 plants (D:9)
8 creatures vanquished.

Grand Total: 301 creatures vanquished

Notes
Turn   | Place    | Note
-------+----------+-------------------------------------------
     0 | D:1      | oldriver the Draconian Ice Elementalist began the quest for
                  | the Orb.
     0 | D:1      | Reached XP level 1. HP: 14/14 MP: 3/3
   191 | D:1      | Reached XP level 2. HP: 20/20 MP: 3/5
   578 | D:1      | Reached XP level 3. HP: 26/26 MP: 3/6
  1101 | D:1      | Learned a level 3 spell: Frozen Ramparts
  1105 | D:1      | Learned a level 3 spell: Ozocubu's Armour
  1135 | D:1      | Reached skill level 5 in Ice Magic
  1224 | D:2      | Reached XP level 4. HP: 33/33 MP: 6/8
  2382 | D:3      | Reached XP level 5. HP: 31/38 MP: 6/9
  3111 | D:3      | Identified a scroll of acquirement
  3112 | D:3      | Acquired the staff of cold "Zotob" {rElec rC+}
  3250 | D:4      | Found a runed translucent gate.
  3251 | D:4      | Found a runed translucent gate.
  3251 | D:4      | Noticed diodin's ghost (amateur NaEn)
  3278 | D:4      | Found a runed translucent gate.
  3779 | D:4      | Found a glowing silver altar of Zin.
  3868 | D:4      | Reached XP level 6. HP: 45/45 MP: 7/11
  3976 | D:5      | Entered Level 5 of the Dungeon
  4023 | D:5      | Learned a level 4 spell: Summon Ice Beast
  4081 | D:5      | Reached skill level 1 in Summonings
  4092 | D:5      | Reached skill level 1 in Fighting
  4180 | D:5      | Your scales start taking on a fiery red colour.
  4180 | D:5      | Reduced skill Ice Magic to level 5
  4180 | D:5      | Reached XP level 7. HP: 42/52 MP: 9/13
  4180 | D:5      | Gained mutation: Your flesh is heat resistant. (rF+) [Red
                  | Draconian growth]
  4726 | D:5      | Found a staircase to the Ecumenical Temple.
  4786 | Temple   | Entered the Ecumenical Temple
  5182 | Temple   | Became a worshipper of Gozag Ym Sagoz the Greedy
  5599 | D:6      | Reached XP level 8. HP: 63/63 MP: 7/14
  5884 | D:6      | HP: 3/66 [something (15)]
  6115 | D:6      | Noticed Sigmund
  6145 | D:6      | Killed Sigmund
  6146 | D:6      | Reached skill level 5 in Spellcasting
  6234 | D:6      | Found a radiant altar of Vehumet.
  6355 | D:6      | Noticed Edmund
  6366 | D:6      | Killed Edmund
  6367 | D:6      | Reached skill level 5 in Fighting
  6493 | D:7      | Reached skill level 5 in Dodging
  6669 | D:7      | Reached XP level 9. HP: 74/74 MP: 4/16
  9244 | D:8      | Reached XP level 10. HP: 70/90 MP: 12/21
  9700 | D:8      | Noticed Erica
 10102 | D:8      | Killed Erica
 10103 | D:8      | Reached skill level 1 in Evocations
 11104 | D:9      | Noticed a centaur warrior
 11105 | D:9      | Noticed a wolf spider
 11113 | D:9      | Killed a centaur warrior
 11113 | D:9      | Killed a wolf spider
 11114 | D:9      | Reached skill level 5 in Summonings
 11233 | D:9      | Reached XP level 11. HP: 98/99 MP: 12/23
 11699 | D:10     | Entered Level 10 of the Dungeon
 11952 | D:10     | Reached skill level 10 in Fighting
 12365 | D:10     | HP: 2/99 [something (20)]
 12731 | D:10     | Noticed a two-headed ogre
 12739 | D:10     | Killed a two-headed ogre
 13395 | D:10     | Found a staircase to the Lair.
 13864 | Lair:1   | Entered Level 1 of the Lair of Beasts
 13875 | Lair:1   | Learned a level 4 spell: Airstrike
 13937 | Lair:1   | Reached skill level 10 in Spellcasting
 14205 | Lair:1   | Reached skill level 1 in Air Magic
 14373 | Lair:1   | Noticed Harold
 14382 | Lair:1   | Killed Harold
 14389 | Lair:1   | Reached XP level 12. HP: 76/106 MP: 21/26
 14646 | Lair:1   | Mangled by a komodo dragon

Illustrated notes

Levels and vault maps discovered:
D:1:      saegor_arrival_miasma, layout_basic
D:2:      layout_loops_ring
D:3:      layout_rooms, minmay_rat_hole
D:4:      layout_gridville, zin_treasury, gammafunk_ghost_split,
          grunt_decor_fettered, nicolae_figureground_sparkle
D:5:      layout_basic, minmay_temple_entry_glassed_door,
          kennysheep_windowed_goal
D:6:      layout_cave_pools, nicolae_vehumet_altar_sigil, uniq_edmund,
          uniq_sigmund
D:7:      layout_loops_ring, moated_statue
D:8:      minmay_skewed_foursquare, layout_basic, serial_aquarium,
          aquarium_bridge_straight [aquarium_subvault_bridge,
          aquarium_subvault_window, aquarium_subvault_bridge,
          aquarium_subvault_wall], aquarium_bridge_long_joined
          [aquarium_subvault_window, aquarium_subvault_bridge,
          aquarium_subvault_window, aquarium_subvault_wall,
          aquarium_subvault_bridge, aquarium_subvault_bridge],
          aquarium_window_corner, aquarium_window_3, aquarium_window_2,
          aquarium_view_2c, aquarium_view_2e, aquarium_balcony_double_1,
          minmay_mini_ossuary, uniq_erica
D:9:      nzn_winding_woodlands_medium [nzn_winding_woodlands_5x5_closed_star,
          nzn_winding_woodlands_5x15_river_crossing,
          nzn_winding_woodlands_5x5_default, nzn_winding_woodlands_5x5_cross,
          nzn_winding_woodlands_center_diamonds,
          nzn_winding_woodlands_5x5_default, nzn_winding_woodlands_hourglass,
          nzn_winding_woodlands_5x15_garden, nzn_winding_woodlands_5x5_default],
          layout_loops_ring
D:10:     layout_long_grid, hellmonk_lair_entry_icy
Temple:   mainiacjoe_temple_big_plus
Lair:1:   layout_hall_layers, serial_bayou, serial_bayou_pond_a,
          serial_bayou_pond_b, serial_bayou_crossing, serial_bayou_pond_d,
          gammafunk_lair_bear_cave, uniq_harold

Skill      XL: |  1  2  3  4  5  6  7  8  9 10 11 |
---------------+----------------------------------+-----
Ice Magic      | 5 6 5 6 |  6.0
Spellcasting   | 3 4 5 7 8 10 | 10.5
Summonings     | 2 4 5 8 |  8.0
Fighting       | 1 3 5 8 9 10 | 10.0
Dodging        | 2 3 5 6 |  6.0
Stealth        | 2 3 4 |  4.0
Evocations     | 3 4 |  4.0
Air Magic      | 3 |  3.3

Action                     |  1- 3 |  4- 6 |  7- 9 | 10-12 || total
---------------------------+-------+-------+-------+-------++-------
  Melee: Dagger            |    32 |    22 |       |       ||    54
         Unarmed           |     2 |       |       |       ||     2
         Tailslap          |     6 |     6 |    41 |    61 ||   114
         Staff             |       |    22 |   191 |   289 ||   502
         Punch             |       |       |       |     3 ||     3
   Cast: Freeze            |    48 |    48 |    13 |     4 ||   113
         Frozen Ramparts   |       |    20 |    54 |    51 ||   125
         Ozocubu's Armour  |       |     3 |    13 |    18 ||    34
         Summon Ice Beast  |       |       |    30 |    42 ||    72
Ability: Breathe Fire      |       |       |     1 |     1 ||     2
  Evoke: Lightning rod     |       |       |       |     3 ||     3
         Wand              |       |       |       |     1 ||     1
    Use: Scroll            |       |    13 |     3 |     7 ||    23
         Potion            |       |       |     1 |     3 ||     4
   Stab: Distracted        |       |     1 |       |     2 ||     3
 Armour: Skin              |    27 |    30 |   118 |   256 ||   431
  Dodge: Dodged            |    71 |    53 |   155 |   281 ||   560

Table legend: (Time is in decaauts)
 A = Elapsed time spent in this place.
 B = Non-inter-level travel time spent in this place.
 C = Inter-level travel time spent in this place.
 D = Time resting spent in this place.
 E = Time spent auto-exploring this place.
 F = Levels seen in this place.
 G = Mean time per level.
                   A        B        C        D        E       F      G
               +--------+--------+--------+--------+--------+-----+--------+
         Total |  14794 |  14222 |    572 |   1219 |  10161 |  12 | 1232.8 |
       Dungeon |  13578 |  13037 |    541 |   1185 |   9229 |  10 | 1357.8 |
        Temple |    426 |    396 |     30 |      0 |    383 |   1 |  426.0 |
          Lair |    788 |    788 |      0 |     34 |    549 |   1 |  788.0 |
               +--------+--------+--------+--------+--------+-----+--------+

Top non-repeatable levels by time:
     D:9: 1861 daAuts
     D:8: 1848 daAuts
    D:10: 1724 daAuts
     D:7: 1627 daAuts
     D:6: 1295 daAuts
     D:5: 1244 daAuts
     D:1: 1159 daAuts
     D:2: 1022 daAuts
     D:3: 937 daAuts
     D:4: 859 daAuts
  Lair:1: 788 daAuts
  Temple: 426 daAuts
